 Dungeon Crawl Stone Soup version 0.30-a0-737-gf23d94013f (webtiles) character file.

Game seed: 5639223597197312865

1650706 Rrauwl the Slayer (level 27, 266/266 HPs)
             Began as a Hill Orc Monk on Jan 31, 2023.
             Was the Champion of Hepliaklqana.
             Escaped with the Orb
             ... and 3 runes on Feb 2, 2023!
             The game lasted 04:42:21 (69440 turns).

Rrauwl the Slayer (Hill Orc Monk)                  Turns: 69440, Time: 04:42:22

Health: 266/266    AC: 46    Str: 32    XL:     27
Magic:  34/34      EV:  9    Int:  7    God:    Hepliaklqana [******]
Gold:   2164       SH: 23    Dex: 15    Spells: 25/26 levels left

rFire   + + +      SeeInvis +    a - +8 broad axe (flame)
rCold   + + +      Faith    .    e - +1 kite shield {rF+}
rNeg    + . .      Spirit   .    R - +3 gold dragon scales
rPois   +          Reflect  +    j - +2 helmet {SInv}
rElec   +          Harm     .    H - scarf {rC+ rF+}
rCorr   .          Rampage  .    M - +2 pair of gloves {Dex+3}
Will    ++++.                    Z - +3 pair of mountain boots {steadfast, rC+} Stlth
                                 O - amulet of reflection
HPRegen 0.64/turn                J - ring "Riomik" {rElec rN+ Will+}
MPRegen 0.24/turn                I - ring of the Castellan {Will+ AC+4}

@: studying 2 skills
A: reduced essence, dopey 1, robust 1, inhibited regeneration, strong 1,
inability to read after injury 1
0: Orb of Zot
}: 3/15 runes: serpentine, barnacled, silver
a: Renounce Religion, Recall Ancestor, Ancestor Identity, Transference, Idealise


You escaped.
You worshipped Hepliaklqana.
Hepliaklqana was exalted by your worship.
You visited 10 branches of the dungeon, and saw 48 of its levels.
You visited 1 bazaar.
You also visited: Bailey and Ice Cave.

You collected 8109 gold pieces.
You spent 5945 gold pieces at shops.

Inventory:

Hand Weapons
 a - a +8 broad axe of flaming (weapon)
 c - a +3 broad axe of flaming
Missiles
 k - 11 throwing nets (quivered)
Armour
 e - a +1 kite shield of fire resistance (worn)
 j - a +2 helmet of see invisible (worn)
 H - a scarf of resistance (worn)
 M - a +2 pair of gloves of dexterity (worn)
 R - +3 gold dragon scales (worn)
 Z - the +3 pair of mountain boots (worn) {steadfast, rC+}
   (You acquired it on level 4 of the Vaults)

   Steadfast: It prevents involuntary movement, except for blinking,
   teleportation, or banishment.
   rC:        It protects you from cold.
Jewellery
 y - a ring of resist corrosion
 I - the ring of the Castellan (right hand) {Will+ AC+4}
   (You acquired it on level 1 of the Lair of Beasts)

   [ring of protection]

   AC:        It affects your AC (+4).
   Will:      It increases your willpower.
 J - the ring "Riomik" (left hand) {rElec rN+ Will+}
   (You found it in an ice cave)

   [ring of positive energy]

   rElec:     It insulates you from electricity.
   rN:        It protects you from negative energy.
   Will:      It increases your willpower.
 O - an amulet of reflection (around neck)
 W - the ring of Yxebber {Fly Int+3 Dex+2}
   (You found it on level 12 of the Dungeon)

   [ring of flight]

   Int:       It affects your intelligence (+3).
   Dex:       It affects your dexterity (+2).
   Fly:       It grants you flight.
Wands
 m - a wand of iceblast (20)
 n - a wand of charming (56)
 u - a wand of polymorph (15)
 v - a wand of digging (8)
 B - a wand of flame (37)
 U - a wand of acid (15)
 V - a wand of mindburst (22)
Scrolls
 i - 19 scrolls of teleportation
 q - a scroll of blinking
 r - 7 scrolls of poison
 x - 5 scrolls of summoning
 C - 10 scrolls of fear
 G - 7 scrolls of fog
 T - a scroll of silence
Potions
 b - a potion of berserk rage
 o - 16 potions of curing
 p - 7 potions of lignification
 t - 5 potions of cancellation
 K - 10 potions of attraction
 L - 6 potions of resistance
Miscellaneous
 l - a piece from Xom's chessboard (15/15)
 s - a phantom mirror
 z - a condenser vane
 D - a tin of tremorstones (2/2)
 F - a lightning rod (4/4)
 S - a box of beasts
 X - a phantom mirror


   Skills:
 + Level 25.3 Fighting
 - Level 25.0 Axes
 + Level 25.2 Armour
 - Level 3.0 Dodging
 - Level 2.0 Stealth
 + Level 23.3 Shields
 - Level 15.0 Invocations
 - Level 20.0 Evocations


You had 25 spell levels left.
You knew the following spells:

 Your Spells              Type           Power      Damage    Failure   Level
a - Apportation           Tloc           0%         N/A       97%         1

Your spell library contained the following spells:

 Spells                   Type           Power      Damage    Failure   Level
 Foxfire                  Conj/Fire      0%         2x1d4     97%         1
 Kiss of Death            Conj/Necr      0%         2d5       97%         1
 Magic Dart               Conj           0%         1d3       97%         1
 Necrotise                Necr           0%         1d4       97%         1
 Sandblast                Erth           0%         2d4       97%         1
 Slow                     Hex            0%         N/A       97%         1
 Sting                    Tmut/Pois      0%         1d3       97%         1
 Summon Small Mammal      Summ           0%         N/A       97%         1
 Call Imp                 Summ           0%         N/A       99%         2
 Poisonous Vapours        Pois/Air       0%         N/A       99%         2
 Static Discharge         Conj/Air       0%         2-2/arc   99%         2
 Confusing Touch          Hex            0%         N/A       100%        3
 Gell's Gravitas          Tloc           0%         N/A       100%        3
 Hailstorm                Conj/Ice       0%         3d3       100%        3
 Ignite Poison            Fire/Tmut/Pois 0%         N/A       100%        3
 Inner Flame              Hex/Fire       0%         N/A       100%        3
 Kindle Blastsparks       Fire/Tloc/Air  0%         2d10      100%        3
 Mephitic Cloud           Conj/Pois/Air  0%         N/A       100%        3
 Ozocubu's Armour         Ice            0%         N/A       100%        3
 Stone Arrow              Conj/Erth      0%         3d7       100%        3
 Summon Guardian Golem    Hex/Summ       0%         N/A       100%        3
 Teleport Other           Tloc           0%         N/A       100%        3
 Tukima's Dance           Hex            0%         N/A       100%        3
 Vampiric Draining        Necr           0%         2d6       100%        3
 Vhi's Electric Charge    Tloc/Air       0%         N/A       100%        3
 Airstrike                Air            0%         2d(0-16)  100%        4
 Anguish                  Hex/Necr       0%         N/A       100%        4
 Animate Dead             Necr           0%         N/A       100%        4
 Cause Fear               Hex            0%         N/A       100%        4
 Dispel Undead            Necr           0%         3d6       100%        4
 Flame Wave               Conj/Fire      0%         2d4       100%        4
 Fulminant Prism          Conj/Hex       0%         3d5       100%        4
 Ice Form                 Ice/Tmut       0%         N/A       100%        4
 Iskenderun's Mystic Bla  Conj/Tloc      0%         2d3       100%        4
 Leda's Liquefaction      Hex/Erth       0%         N/A       100%        4
 Olgreb's Toxic Radiance  Pois           0%         N/A       100%        4
 Sticky Flame             Conj/Fire      0%         2d3       100%        4
 Summon Lightning Spire   Summ/Air       0%         N/A       100%        4
 Agony                    Necr           0%         N/A       100%        5
 Arcjolt                  Conj/Air       0%         1d10      100%        5
 Blade Hands              Tmut           0%         N/A       100%        5
 Borgnjor's Vile Clutch   Necr/Erth      0%         N/A       100%        5
 Freezing Cloud           Conj/Ice/Air   0%         6-21      100%        5
 Irradiate                Conj/Tmut      0%         3d11      100%        5
 Lee's Rapid Deconstruct  Erth           0%         3d4*      100%        5
 Lightning Bolt           Conj/Air       0%         1d11      100%        5
 Metabolic Englaciation   Hex/Ice        0%         N/A       100%        5
 Summon Forest            Summ/Tloc      0%         N/A       100%        5
 Death Channel            Necr           0%         N/A       100%        6
 Dispersal                Tloc           0%         N/A       100%        6
 Eringya's Noxious Bog    Tmut/Pois      0%         N/A       100%        6
 Simulacrum               Ice/Necr       0%         N/A       100%        6
 Starburst                Conj/Fire      0%         6d3       100%        6
 Dragon Form              Tmut           0%         N/A       100%        7
 Enfeeble                 Hex            0%         N/A       100%        7
 Malign Gateway           Summ/Tloc      0%         N/A       100%        7
 Ozocubu's Refrigeration  Ice            0%         4d7       100%        7
 Summon Hydra             Summ           0%         N/A       100%        7
 Borgnjor's Revivificati  Necr           0%         N/A       100%        8
 Discord                  Hex            0%         N/A       100%        8
 Ignition                 Fire           0%         3d3       100%        8
 Lehudib's Crystal Spear  Conj/Erth      0%         10d2      100%        8
 Necromutation            Tmut/Necr      0%         N/A       100%        8
 Summon Horrible Things   Summ           0%         N/A       100%        8
 Death's Door             Necr           0%         N/A       100%        9
 Dragon's Call            Summ           0%         N/A       100%        9


Dungeon Overview and Level Annotations

Branches:
Dungeon (15/15)            Temple (1/1) D:6            Lair (5/5) D:8
 Shoals (4/4) Lair:3        Snake (4/4) Lair:3        Slime (0/5) Lair:5
    Orc (2/2) D:11            Elf (0/3) Orc:2        Vaults (5/5) D:14
  Crypt (3/3) Vaults:2       Tomb (0/3) Crypt:3      Depths (4/4) D:15
    Zot (5/5) Depths:4     Bailey (visited)           IceCv (visited)

Altars:
Ashenzari
Cheibriados
Dithmenos
Elyvilon
Fedhas
Gozag
Hepliaklqana
Kikubaaqudgha
Makhleb
Nemelex Xobeh
Okawaru
Qazlal
Ru
Sif Muna
Trog
Uskayaw
Vehumet
Wu Jian
Xom
Yredelemnul
Zin
The Shining One
Beogh

Shops:
D:4 [   D:9 [[*(   Orc:2 ![[(   Shoals:1 :   Shoals:2 [   Shoals:4 (
Snake:1 [=*   Snake:2 *   Vaults:3 [   Depths:3 *   Depths:4 *

Portals:
Hell: Depths:1 Depths:2 Depths:3 Depths:4
Abyss: Depths:3 Depths:4
Pandemonium: Depths:2 Depths:4
Ziggurat: Depths:2
Trove: D:10 (give +4 fire dragon scales)

Annotations:
Crypt:3 2 runed translucent doors, Ucsunolie's ghost, veteran GrFi


Innate Abilities, Weirdness & Mutations

Your life essence is reduced to manifest your ancestor. (-10% HP)
You are dopey. (Int -2)
You are robust. (+10% HP)
You do not regenerate when monsters are visible.
Your muscles are strong. (Str +4, Int/Dex -1)
You occasionally lose the ability to read scrolls when taking damage.


Message History

You climb upwards.
There is a stone staircase leading down here.
There is a stone staircase leading up, spattered with blood here.
You see here a +0 mace.
You climb upwards.
There is a stone staircase leading down here.
A neqoxec comes into view.
The neqoxec shouts!
The neqoxec moves out of view.
The neqoxec gestures at you.
Strange energies course through your body.
You feel stupid.
There is a stone staircase leading up here.
Rick gestures wildly while chanting.
Rick seems to speed up.
You climb upwards.
There is a stone staircase leading down here.
You see here a +2 hand axe of flaming.
There is a stone staircase leading up here.
You climb upwards.
There is a stone staircase leading down here.
There is an open door here.
HP restored.
There is a stone staircase leading up here.
You climb upwards.
There is a stone staircase leading down here.
There is a stone staircase leading up here.
You climb upwards.
There is a stone staircase leading down here.
There is a stone staircase leading up here.
You climb upwards.
There is a stone staircase leading down here.
There is a stone staircase leading up here.
You climb upwards.
There is a stone staircase leading down here.
There is a stone staircase leading down here.
There is an open door here.
There is an open door here.
There is a staircase leading out of the dungeon here.
You have escaped!

##### #.#
....###.#### ##
....'......#######
#.
....######.......#
#. .....#
###'###'## #.
.....# #)..#...# #.
.....# #)>.#...# #.
.....# #..)#...# #.
#.#### #.>.#.@.# #.
#.#########...#...#
##
#.#......##.>.#...#
#.#.####.##...#...#
#.#.#.....##'###'##
#.#.###..##..##..#
#.#.#...........##
###
#...#.........###
#.. ###...........#
#..


There were no monsters in sight!

Vanquished Creatures
  6 ancient liches (Zot:5)
  A dread lich (Zot:5)
  Mara (Depths:3)
  5 orbs of fire (Zot:5)
  Vv (Crypt:2)
  Sojobo (Depths:3)
  Saint Roka (Orc:2)
  3 caustic shrikes
  7 golden dragons
  A profane servitor (Crypt:3)
  Jory (Crypt:2)
  the Enchantress (Depths:3)
  2 electric golems (Zot:5)
  Zenata (Crypt:2)
  Jorgrun (D:12)
  6 tentacled monstrosities
  A walking crystal tome (Depths:2)
  2 liches
  21 Orb Guardians
  An Ice Fiend (D:12)
  Asterion (Depths:2)
  2 acid blobs (Depths:3)
  2 quicksilver dragons
  A titan (Depths:1)
  A kraken (Shoals:1)
  An Executioner (D:9)
  2 death cobs
  The ghost of frocskos the Slayer, an adept MiFi of Okawaru (Snake:4)
  10 ancient champions
  2 sphinxes
  2 nagarajas (Snake:4)
  3 shadow dragons
  8 tengu reavers
  5 draconian monks (Depths:4)
  8 storm dragons
  2 azure jellies
  Donald (Vaults:3)
  2 rockslimes
  2 revenants
  10 fire giants
  20 vault wardens
  14 frost giants
  A draconian scorcher (Depths:4)
  2 curse skulls (Crypt:2)
  4 spectral caustic shrikes (Depths:4)
  3 orc warlords
  7 ghouls
  An angel (Zot:5)
  Aizul (Snake:1)
  A cacodemon (Depths:2)
  14 ironbound preservers
  23 very ugly things
  A demonspawn corrupter (D:12)
  A juggernaut zombie (Crypt:2)
  5 quicksilver oozes
  2 spriggan defenders (Depths:3)
  4 war gargoyles
  11 stone giants
  3 draconian annihilators (Depths:4)
  3 vampire knights
  11 ironbound thunderhulks
  10 green draconians
  An elemental wellspring (Shoals:3)
  3 white draconians (Depths:4)
  3 black draconians (Depths:4)
  2 deep elf annihilators
  A minotaur (shapeshifter) (Vaults:5)
  A lorocyproca (Depths:2)
  4 red draconians (Depths:4)
  6 dire elephants (Vaults:1)
  5 purple draconians
  3 spark wasps (Depths:2)
  4 eidola
  4 merfolk javelineers
  12 merfolk impalers
  11 ettins
  Josephine (D:14)
  A quicksilver dragon zombie (Crypt:3)
  2 mummy priests (Crypt:3)
  A deep elf death mage (Crypt:3)
  13 fire dragons
  14 great orbs of eyes
  10 yaktaur captains
  2 entropy weavers (shapeshifter)
  12 jiangshi
  4 rakshasas (Depths:1)
  A deep elf high priest (Vaults:5)
  6 salamander tyrants
  5 spriggan air magi
  2 caustic shrike simulacra (IceCv)
  7 ironbound frosthearts
  3 ogre magi
  4 ice dragons
  31 vault guards
  7 hydras
  A quicksilver dragon skeleton (Crypt:1)
  Harold (D:11)
  2 peacekeepers
  17 centaur warriors
  A hell beast (Depths:2)
  4 merfolk avatars
  11 anacondas
  6 merfolk aquamancers
  3 alligator snapping turtles
  4 satyrs
  An anaconda (shapeshifter) (Depths:1)
  2 dancing weapons
  A bennu zombie (Crypt:2)
  7 two-headed ogres
  3 boulder beetles
  4 deep troll shamans
  4 deep troll earth magi
  A titan zombie (Crypt:3)
  A death knight (Crypt:1)
  5 death yaks (Lair:3)
  10 naga warriors
  3 shock serpents
  An orc high priest (Orc:2)
  9 naga sharpshooters
  2 hell hogs (Depths:2)
  4 hell knights
  2 spriggan berserkers (Depths:2)
  7 spriggans
  14 vampire magi
  4 tengu warriors
  Nergalle (Lair:1)
  3 soul eaters
  24 skeletal warriors
  A sixfirhy (Depths:2)
  2 iron trolls
  A death drake (Depths:4)
  3 shadow wraiths
  A goliath frog (shapeshifter) (Vaults:4)
  3 flayed ghosts
  14 sea snakes
  An anaconda zombie (Crypt:2)
  A swamp dragon (shapeshifter) (Depths:2)
  6 wizards
  3 salamander mystics
  6 bog bodies
  10 naga ritualists
  A shadow demon (Depths:1)
  56 deep trolls
  A glowing orange brain (Depths:2)
  2 obsidian statues
  7 lindwurms
  A tengu zombie (Vaults:1)
  An orange crystal statue (Shoals:2)
  2 sea snakes (shapeshifter)
  8 phantasmal warriors
  Pikel (D:7)
  13 manticores
  A wolf spider (Vaults:5)
  11 orc knights
  39 ugly things
  25 harpies
  23 ironbound convokers
  A jorogumo zombie (Crypt:1)
  7 necromancers
  A deep elf zephyrmancer (D:12)
  7 mana vipers
  A broodmother zombie (Crypt:1)
  4 orc sorcerers
  A sphinx zombie (Crypt:2)
  3 deep elf pyromancers
  A shining eye (Depths:3)
  A shining eye (shapeshifter) (Vaults:5)
  8 fauns (Shoals:2)
  18 salamanders
  An oklob plant (Lair:3)
  A human zombie (Vaults:2)
  3 cyclopes
  A frost giant zombie (Crypt:2)
  A moth of wrath (shapeshifter) (Vaults:5)
  11 moths of wrath
  Joseph (D:9)
  6 elephants
  A rust devil (Depths:4)
  An elephant (shapeshifter) (Vaults:5)
  23 vault sentinels
  38 black mambas
  6 water nymphs
  9 merfolk sirens
  2 guardian serpents
  A water nymph (shapeshifter) (Vaults:5)
  2 orange demons
  5 smoke demons
  A molten gargoyle (Lair:5)
  14 naga magi
  2 gargoyles (D:10)
  Psyche (D:8)
  9 cane toads
  4 rime drakes
  A yaktaur zombie (Vaults:2)
  A dire elephant skeleton (Crypt:2)
  An alligator snapping turtle skeleton (Crypt:2)
  An elf skeleton (Vaults:2)
  A hellion (Depths:4)
  4 anaconda simulacra (IceCv)
  3 unseen horrors
  10 komodo dragons
  A kobold demonologist (D:12)
  4 ice devils
  20 yaktaurs
  2 efreet
  A minotaur skeleton (Crypt:1)
  A sea snake zombie (Crypt:3)
  22 freezing wraiths
  A yaktaur skeleton (Vaults:1)
  8 guardian mummies (Crypt:3)
  6 tengu conjurers
  A hydra zombie (Crypt:2)
  2 red devils
  20 merfolk
  A meliai (shapeshifter) (D:9)
  A queen bee (D:9)
  5 trolls
  Grinder (D:6)
  A white draconian skeleton (Crypt:3)
  3 hellwings
  2 polar bears
  5 wind drakes
  2 harpy zombies
  9 hornets
  A hydra skeleton (Crypt:3)
  A frost giant simulacrum (Vaults:1)
  6 snapping turtles
  13 blink frogs
  A jumping spider (shapeshifter) (D:15)
  2 spectral black mambas (Snake:4)
  An ettin zombie (Crypt:2)
  6 flying skulls (Crypt:1)
  A centaur simulacrum (D:14)
  2 vampires
  3 shadows
  A fire dragon skeleton (Crypt:2)
  A shock serpent simulacrum (Snake:4)
  17 yaks
  20 slime creatures
  2 ushabtiu (Crypt:3)
  12 wraiths
  16 water elementals
  3 dire elephant simulacra (IceCv)
  5 wyverns
  Eustachio (D:4)
  15 vampire mosquitoes
  2 basilisks
  2 chaos spawn (Depths:2)
  A redback (D:5)
  5 wargs
  Menkaure (D:4)
  2 steam dragons
  A minotaur simulacrum (IceCv)
  49 nagas
  5 harpy simulacra (IceCv)
  4 acid dragons
  2 two-headed ogre zombies
  2 naga skeletons
  A glowing shapeshifter skeleton (Vaults:2)
  3 hell hounds (Lair:5)
  A hydra simulacrum (IceCv)
  A two-headed ogre skeleton (Crypt:2)
  12 water moccasins
  A floating eye (Depths:3)
  An ice beast (D:6)
  37 orc warriors
  A snapping turtle zombie (Crypt:2)
  2 ogres
  A black bear (shapeshifter) (Depths:2)
  3 ettin simulacra (IceCv)
  A black bear (D:6)
  2 black mamba simulacra
  2 boggarts (D:12)
  An alligator simulacrum (IceCv)
  A dream sheep skeleton (Crypt:3)
  14 wolves
  A human skeleton (Vaults:1)
  A hog zombie (Crypt:3)
  9 centaurs
  3 hexers
  2 lemures (D:7)
  2 phantoms (D:11)
  2 kobold brigands
  9 bullfrogs
  Blork the orc (D:4)
  6 necrophages
  2 gnoll sergeants
  8 scorpions (D:5)
  A troll zombie (Crypt:2)
  29 killer bees
  2 spectral nagas (Snake:4)
  A vampire bat (Lair:4)
  A lindwurm simulacrum (IceCv)
  4 electric eels
  3 howler monkeys
  9 lava snakes
  3 naga simulacra (Snake:4)
  A salamander simulacrum (Snake:4)
  A bullfrog skeleton (Crypt:3)
  3 hounds
  19 orc priests
  3 jellies
  2 gnoll boudas
  2 iguanas
  35 orc wizards
  6 ogre zombies (D:11)
  A mummy (Crypt:3)
  25 gnolls
  13 adders
  A white imp (D:5)
  4 ufetubi
  An adder skeleton (Crypt:1)
  A worm (D:3)
  5 dart slugs
  88 orcs
  13 ball pythons
  A bat skeleton (Crypt:1)
  9 endoplasms
  2 giant cockroaches (D:1)
  A gnoll zombie (Crypt:1)
  16 goblins
  13 hobgoblins
  4 quokkas
  A river rat zombie (Crypt:2)
  2 training dummies (Shoals:4)
  8 bats
  8 frilled lizards
  A goblin skeleton (D:11)
  A goblin zombie (D:11)
  5 hobgoblin zombies (D:11)
  14 kobolds
  15 orc zombies (D:11)
  A rat (D:1)
  A rat zombie (Crypt:3)
  A bush (Lair:3)
  3 tentacles (Shoals:1)
1924 creatures vanquished.

Vanquished Creatures (collateral kills)
  A Killer Klown (Zot:5)
  2 caustic shrikes (Depths:3)
  A golden dragon (Zot:5)
  A bone dragon (Crypt:3)
  2 liches
  Rupert (Lair:4)
  6 Orb Guardians (Zot:5)
  3 titans (Vaults:5)
  An acid blob (Depths:4)
  5 quicksilver dragons
  An ancient champion (Crypt:3)
  2 tengu reavers
  2 shadow dragons
  Kirke (Lair:4)
  2 azure jellies (Depths:4)
  2 storm dragons
  A rockslime (Depths:4)
  A nagaraja (Snake:4)
  2 revenants
  A frost giant (Depths:2)
  2 spectral caustic shrikes (Depths:4)
  An iron dragon (Vaults:5)
  An orc warlord (Vaults:2)
  A demonspawn corrupter (D:12)
  2 ghouls
  A very ugly thing (Vaults:3)
  A spriggan defender (Depths:3)
  6 quicksilver oozes
  3 ironbound preservers
  A stone giant (Depths:2)
  A cacodemon (D:12)
  A deep elf demonologist (Vaults:4)
  3 green draconians (Depths:4)
  A deep elf annihilator (Vaults:5)
  3 ironbound thunderhulks
  A black draconian (Zot:2)
  A dire elephant (Vaults:1)
  2 white draconians (Depths:4)
  A purple draconian (Zot:2)
  A mummy priest (Crypt:3)
  A merfolk impaler (Shoals:4)
  A fire dragon (Depths:2)
  An ettin (Vaults:5)
  2 merfolk javelineers (Shoals:4)
  The ghost of crabbyslav the Thaumaturge, a journeyman DjCA of Ignis (D:11)
  A crystal guardian (Vaults:3)
  2 yaktaur captains
  3 jiangshi (Crypt:1)
  A peacekeeper (Vaults:2)
  2 great orbs of eyes
  2 vault guards (Vaults:5)
  A hydra (Depths:2)
  A merfolk avatar (Shoals:3)
  3 ice dragons
  A rakshasa (Depths:2)
  A spriggan air mage (Depths:1)
  5 centaur warriors
  An ironbound frostheart (Vaults:2)
  A satyr (Shoals:2)
  A death yak (Lair:3)
  2 merfolk aquamancers
  A two-headed ogre (D:11)
  A deep troll shaman (Depths:2)
  2 hell hogs (Depths:2)
  A shock serpent (Snake:3)
  2 hell knights (Vaults:3)
  A soul eater (Depths:4)
  A spriggan berserker (Depths:4)
  A sun demon (Depths:4)
  A salamander mystic (Snake:4)
  A goliath frog (shapeshifter) (Depths:2)
  A shadow wraith (Crypt:3)
  4 skeletal warriors
  2 iron trolls (Depths:2)
  A death drake (Depths:4)
  2 sea snakes
  2 bog bodies
  5 deep trolls
  An ironbound convoker (Vaults:2)
  2 orc knights
  A kraken simulacrum (Shoals:4)
  A wizard (Vaults:1)
  A phantasmal warrior (Depths:1)
  4 harpies
  7 lindwurms
  A tengu skeleton (Vaults:2)
  3 mana vipers
  A cyclops (D:14)
  An orc sorcerer (Orc:1)
  A jorogumo zombie (Crypt:3)
  A shining eye (Depths:4)
  16 ugly things
  5 fauns (Shoals:2)
  2 manticores (D:15)
  2 elephants
  5 salamanders
  A moth of wrath (Zot:2)
  A merfolk siren (Shoals:1)
  4 naga magi
  A molten gargoyle (Lair:5)
  A guardian serpent (Snake:4)
  2 water nymphs (Shoals:3)
  9 black mambas
  5 vault sentinels
  A naga skeleton (Crypt:3)
  A yaktaur (Vaults:4)
  2 komodo dragons (Lair:5)
  2 freezing wraiths
  6 merfolk
  An anaconda simulacrum (Snake:4)
  3 guardian mummies (Crypt:3)
  2 tengu conjurers
  A hornet (Depths:4)
  A polar bear (Lair:4)
  4 blink frogs
  2 snapping turtles
  A flying skull (Crypt:1)
  A spectral black mamba (Snake:4)
  A wraith (Crypt:1)
  A water elemental (Shoals:2)
  4 yaks (D:8)
  A spriggan (Depths:3)
  An ushabti (Crypt:3)
  A hog (Lair:4)
  A vampire mosquito (D:12)
  A minotaur simulacrum (IceCv)
  A chaos spawn (Zot:4)
  A warg (D:8)
  6 nagas
  A floating eye (Depths:2)
  A hell hound (Lair:5)
  4 orc warriors
  An ogre (Orc:2)
  2 wolves (Lair:5)
  A sky beast (D:6)
  A centaur (Lair:3)
  An elephant skeleton (Crypt:2)
  A rime drake skeleton (Crypt:1)
  A gnoll sergeant (D:6)
  A deep troll simulacrum (IceCv)
  3 bullfrogs (Lair:3)
  A troll zombie (D:11)
  2 electric eels
  A lava snake (Snake:3)
  2 hounds
  A jelly (D:6)
  2 orc priests (Orc:1)
  An iguana (D:7)
  Ijyb (D:5)
  Terence (D:3)
  2 orc wizards
  2 gnolls (D:9)
  An adder (D:6)
  2 white imps
  12 orcs
  A goblin (Bailey)
  A quokka (D:3)
  A training dummy (Shoals:4)
  2 bats
  A frilled lizard (D:3)
  A hobgoblin zombie (D:11)
  An orc skeleton (D:11)
  An orc zombie (D:11)
  2 butterflies (Lair:2)
321 creatures vanquished.

Vanquished Creatures (others)
  Mlioglotl (Shoals:2)
  An elemental wellspring (Shoals:3)
  A merfolk impaler (Shoals:4)
  A hydra (Lair:4)
  A shadow wraith (Crypt:3)
  An ugly thing (D:15)
  A yaktaur (Vaults:5)
  A tengu conjurer (D:12)
  A human (Lair:4)
  An orc warrior (Orc:2)
  A scorpion (D:5)
  35 hexers
  27 fungi
  94 plants
  5 tentacles
  2 withered plants (Lair:2)
174 creatures vanquished.

Grand Total: 2419 creatures vanquished

Notes
Turn   | Place    | Note
-------+----------+-------------------------------------------
     0 | D:1      | Rrauwl the Hill Orc Monk began the quest for the Orb.
     0 | D:1      | Reached XP level 1. HP: 19/19 MP: 1/1
   146 | D:1      | Reached XP level 2. HP: 14/27 MP: 2/2
   486 | D:1      | Reached XP level 3. HP: 32/33 MP: 3/3
  1097 | D:1      | Reached skill level 5 in Axes
  1159 | D:1      | Reached XP level 4. HP: 24/40 MP: 4/4
  1322 | D:2      | You fall into a shaft and drop 2 floors!
  1356 | D:4      | Found Ceridoj's Antique Armour Emporium.
  1358 | D:4      | Noticed Blork the orc
  1358 | D:4      | Noticed Menkaure
  1972 | D:2      | Found a hazy altar of Hepliaklqana.
  1978 | D:2      | Reached XP level 5. HP: 46/46 MP: 5/5
  1986 | D:2      | Became a worshipper of Hepliaklqana the Forgotten
  1986 | D:2      | Reached * piety under Hepliaklqana
  1986 | D:2      | Reached ** piety under Hepliaklqana
  1988 | D:2      | Remembered your ancestor Rick as a hexer
  1993 | D:2      | Gained mutation: Your muscles are strong. (Str +4, Int/Dex
                  | -1) [potion of mutation]
  1993 | D:2      | Gained mutation: You are partially covered in large bone
                  | plates. (SH +4) [potion of mutation]
  1993 | D:2      | Gained mutation: You possess an exceptional clarity of
                  | mind. [potion of mutation]
  2281 | D:3      | Found a sacrificial altar of Ru.
  2634 | D:3      | Noticed Terence
  2639 | D:3      | Killed Terence
  3045 | D:4      | Bought a pair of runed gloves for 187 gold pieces
  3171 | D:4      | Killed Menkaure
  3172 | D:4      | Reached XP level 6. HP: 12/46 MP: 6/6
  3343 | D:4      | Killed Blork the orc
  3344 | D:4      | Reached XP level 7. HP: 35/53 MP: 7/7
  3516 | D:4      | Found an opulent altar of Gozag.
  3516 | D:4      | Found a glowing silver altar of Zin.
  3605 | D:4      | Noticed Eustachio
  3618 | D:4      | Killed Eustachio
  4005 | D:5      | Entered Level 5 of the Dungeon
  4134 | D:5      | Reached *** piety under Hepliaklqana
  4324 | D:5      | Reached skill level 10 in Axes
  4334 | D:5      | Found the +9 staff of Olgreb {rPois∞}
  4339 | D:5      | Noticed a redback
  4341 | D:5      | Identified a scroll of acquirement
  4341 | D:5      | Acquired a +2 broad axe of flaming
  4404 | D:5      | Found a runed translucent gate.
  4410 | D:5      | Found a runed translucent gate.
  4410 | D:5      | Found a runed translucent gate.
  4412 | D:5      | Noticed a hornet
  4422 | D:5      | Killed a hornet
  4423 | D:5      | Reached skill level 1 in Evocations
  4423 | D:5      | Reached XP level 8. HP: 34/59 MP: 7/9
  4513 | D:5      | Found a runed translucent door.
  4530 | D:5      | Found a runed translucent door.
  4621 | D:5      | Noticed Ijyb
  4622 | D:5      | Killed Ijyb
  5082 | D:6      | Found a hazy altar of Hepliaklqana.
  5210 | D:6      | Noticed Grinder
  5220 | D:6      | Killed Grinder
  5221 | D:6      | Reached XP level 9. HP: 53/63 MP: 12/12
  5258 | D:6      | Identified the +2 robe "Okedeom" {Rampage rElec}
  5767 | D:6      | Found a staircase to the Ecumenical Temple.
  5776 | Temple   | Entered the Ecumenical Temple
  5938 | D:7      | Found an iron altar of Okawaru.
  5969 | D:7      | Reached **** piety under Hepliaklqana
  6319 | D:7      | Noticed Pikel
  6345 | D:7      | Killed Pikel
  6346 | D:7      | Reached skill level 15 in Axes
  6576 | D:7      | Found a flagged portal.
  6583 | Bailey   | Entered a bailey
  6707 | Bailey   | Noticed an orc sorcerer
  6714 | Bailey   | Noticed a soul eater
  6734 | Bailey   | Noticed an orange demon
  6745 | Bailey   | Killed an orc sorcerer
  6746 | Bailey   | Reached XP level 10. HP: 24/70 MP: 13/13
  7205 | Bailey   | Acquired a +0 helmet of see invisible
  7280 | Bailey   | Found an iron altar of Okawaru.
  7280 | Bailey   | Noticed an orc sorcerer
  7293 | Bailey   | Killed an orc sorcerer
  7294 | Bailey   | Reached skill level 5 in Invocations
  7434 | Bailey   | Identified the +1 falchion of the Shore {antimagic, rCorr
                  | Int+4 Dex+2}
  7677 | D:7      | Reached skill level 5 in Fighting
  7973 | D:8      | Reached skill level 5 in Armour
  8262 | D:8      | Reached XP level 11. HP: 62/80 MP: 15/15
  8561 | D:8      | Noticed Psyche
  8573 | D:8      | Killed Psyche
  8628 | D:8      | Found a staircase to the Lair.
  8895 | Lair:1   | Entered Level 1 of the Lair of Beasts
  8922 | Lair:1   | Reached XP level 12. HP: 87/87 MP: 17/17
  9124 | Lair:1   | Noticed Nergalle
  9135 | Lair:1   | Killed Nergalle
  9316 | Lair:1   | Acquired the ring of the Castellan {Will+ AC+4}
  9435 | Lair:1   | Reached ***** piety under Hepliaklqana
  9520 | Lair:1   | Identified the +6 quarterstaff "Ytul" {freeze, Int+4}
 10892 | Lair:3   | Noticed a death yak
 10893 | Lair:3   | Found a staircase to the Shoals.
 10895 | Lair:3   | Noticed a death yak
 10895 | Lair:3   | Noticed a death yak
 10897 | Lair:3   | Noticed a death yak
 10897 | Lair:3   | Noticed a death yak
 10897 | Lair:3   | Noticed a death yak
 10916 | Lair:3   | Noticed a five-headed hydra
 11242 | Lair:3   | Killed a death yak
 11243 | Lair:3   | Reached XP level 13. HP: 77/96 MP: 19/19
 11271 | Lair:3   | Reached skill level 15 in Armour
 11789 | Lair:3   | You fall into a shaft and drop 2 floors!
 11789 | Lair:5   | Entered Level 5 of the Lair of Beasts
 11921 | Lair:3   | Found a staircase to the Snake Pit.
 12475 | Lair:4   | Noticed Kirke
 12563 | Lair:4   | Killed Kirke
 12924 | Lair:4   | Noticed Rupert
 12933 | Lair:4   | Killed Rupert
 13800 | Lair:4   | Reached XP level 14. HP: 72/103 MP: 20/20
 14226 | Lair:5   | Found a staircase to the Slime Pits.
 14456 | Lair:5   | Reached ****** piety under Hepliaklqana
 14718 | Lair:5   | Reached skill level 1 in Shields
 14917 | Lair:5   | Reached skill level 10 in Invocations
 14983 | Lair:5   | Found a large runed translucent door.
 15009 | Lair:5   | Found a large runed translucent door.
 15127 | Lair:5   | Reached skill level 10 in Fighting
 16010 | D:9      | Found Pealod's Assorted Antiques.
 16018 | D:9      | Bought a glowing cloak for 232 gold pieces
 16018 | D:9      | Bought a scroll of blinking for 232 gold pieces
 16134 | D:9      | Noticed Joseph
 16142 | D:9      | Killed Joseph
 16143 | D:9      | Found Ocwafu's Antique Weapon Boutique.
 16274 | D:9      | Found Dogiol's Antique Armour Shoppe.
 16410 | D:9      | Found Faepraq's Antique Armour Shop.
 16432 | D:9      | Found a glowing golden altar of the Shining One.
 16518 | D:9      | Reached skill level 5 in Shields
 16614 | D:9      | Identified the ring of Nede {Wiz Int+5}
 16712 | D:9      | Got the Quarto of the Polluted Comitatus
 17270 | D:10     | Entered Level 10 of the Dungeon
 17472 | D:10     | Found a portal to a secret trove of treasure.
 17570 | D:10     | Found a burning altar of Makhleb.
 17668 | D:10     | Found a bloodstained altar of Trog.
 17668 | D:10     | Found an ancient bone altar of Kikubaaqudgha.
 17764 | D:10     | Identified the +12 battleaxe of Virtue {holy, rC++ Int+3}
 18002 | D:11     | Found a runed translucent door.
 18005 | D:11     | Noticed crabbyslav's ghost (journeyman DjCA)
 18042 | D:11     | Noticed Harold
 18051 | D:11     | Killed Harold
 18218 | D:11     | Found a staircase to the Orcish Mines.
 18717 | D:11     | Killed crabbyslav's ghost
 18718 | D:11     | Reached XP level 15. HP: 75/120 MP: 22/22
 18929 | D:12     | Identified the ring of Yxebber {Fly Int+3 Dex+2}
 18973 | D:12     | Found a transporter.
 18978 | D:12     | Found a radiant altar of Vehumet.
 18987 | D:12     | Noticed Jorgrun
 19011 | D:12     | Killed Jorgrun
 19253 | D:12     | Identified the +4 ring mail of Gashagecw {Harm *Corrode
                  | rF++ Int-4}
 19268 | D:12     | Identified the +10 plate armour of the Crypt {rElec Will+
                  | Dex+4}
 19796 | D:12     | Identified the ring of Kiossudast {rPois Str+4}
 19822 | D:12     | Found a transporter.
 19962 | D:13     | Reached skill level 15 in Fighting
 20258 | D:13     | Acquired 488 gold pieces
 20285 | D:13     | Found a glowing silver altar of Zin.
 20706 | D:14     | Found a gate to the Vaults.
 21661 | D:14     | Found a shadowy altar of Dithmenos.
 22044 | D:14     | Noticed Josephine
 22057 | D:14     | Killed Josephine
 22307 | D:15     | Entered Level 15 of the Dungeon
 22381 | D:15     | Noticed a fire giant
 22385 | D:15     | Reached XP level 16. HP: 107/141 MP: 23/23
 23146 | D:15     | Found a staircase to the Depths.
 23653 | Orc:1    | Entered Level 1 of the Orcish Mines
 23654 | Orc:1    | Upgraded the game from 0.30-a0-728-gc68057be0a to
                  | 0.30-a0-737-gf23d94013f
 23802 | Orc:2    | Entered Level 2 of the Orcish Mines
 23958 | Orc:2    | Found a roughly hewn altar of Beogh.
 23964 | Orc:2    | Found Tiusot's Distillery.
 23996 | Orc:2    | Bought a potion of haste for 150 gold pieces
 23996 | Orc:2    | Bought a potion of heal wounds for 75 gold pieces
 23996 | Orc:2    | Bought a potion of haste for 150 gold pieces
 23996 | Orc:2    | Bought a potion of haste for 150 gold pieces
 23996 | Orc:2    | Bought a potion of haste for 150 gold pieces
 24197 | Orc:2    | Found a staircase to the Elven Halls.
 24393 | Orc:2    | Noticed Saint Roka
 24790 | Orc:2    | Found a roughly hewn altar of Beogh.
 24922 | Orc:2    | Found a roughly hewn altar of Beogh.
 25127 | Orc:2    | Killed Saint Roka
 25274 | Orc:2    | Found Osyg's Antique Weapon Shop.
 25275 | Orc:2    | Found a roughly hewn altar of Beogh.
 25276 | Orc:2    | Found Jopeumus's Antique Armour Boutique.
 25339 | Orc:2    | Found a roughly hewn altar of Beogh.
 25381 | Orc:2    | Found Henotait's Antique Armour Shop.
 25386 | Orc:2    | Bought a pair of embroidered boots for 262 gold pieces
 25386 | Orc:2    | Bought a runed kite shield for 262 gold pieces
 25413 | Orc:2    | Found a roughly hewn altar of Beogh.
 25619 | Orc:1    | You are sucked into a shaft and drop 1 floor!
 25773 | Orc:2    | Bought a potion of curing for 45 gold pieces
 25773 | Orc:2    | Bought a potion of invisibility for 120 gold pieces
 25773 | Orc:2    | Bought a potion of curing for 45 gold pieces
 25773 | Orc:2    | Bought a potion of cancellation for 120 gold pieces
 26000 | Snake:1  | Entered Level 1 of the Snake Pit
 26001 | Snake:1  | Found Iqitix's Jewellery Shop.
 26156 | Snake:1  | Found Kittec's Assorted Antiques.
 26189 | Snake:1  | Bought a scroll of teleportation for 63 gold pieces
 26189 | Snake:1  | Bought a twisted fluorescent wand for 84 gold pieces
 26294 | Snake:1  | Found Fiaj's Book Shoppe.
 26323 | Snake:1  | Found a flickering gateway to a bazaar.
 26339 | Bazaar   | Entered a bazaar
 26404 | Bazaar   | Found Xour's Assorted Antiques.
 26421 | Bazaar   | Found Piniezy's Antique Weapon Emporium.
 26491 | Bazaar   | Found Zoasucet's Antique Weapon Emporium.
 26515 | Bazaar   | Bought a pair of transparent gloves for 228 gold pieces
 26515 | Bazaar   | Identified the +1 pair of gloves of the Onion {rN+ Will-
                  | SInv} (You bought it in a shop in a bazaar)
 26518 | Bazaar   | Bought a potion of heal wounds for 120 gold pieces
 26518 | Bazaar   | Bought a potion of heal wounds for 120 gold pieces
 26518 | Bazaar   | Bought a potion of cancellation for 192 gold pieces
 26518 | Bazaar   | Bought a pair of glowing gloves for 180 gold pieces
 26518 | Bazaar   | Bought a scroll of fear for 96 gold pieces
 26745 | Snake:1  | Noticed Aizul
 26765 | Snake:1  | Killed Aizul
 27010 | Snake:1  | Found Kisozahoeteo's Antique Armour Boutique.
 27449 | Snake:2  | Reached XP level 17. HP: 147/151 MP: 24/24
 27835 | Snake:2  | Found Luckinyll's Overcharged Wands.
 29061 | Snake:4  | Entered Level 4 of the Snake Pit
 29296 | Snake:4  | Acquired 740 gold pieces
 29469 | Snake:4  | Identified the +6 scale mail of the Minstrel {rN+ Int-5
                  | Slay+3 SInv}
 29823 | Snake:4  | Reached skill level 5 in Evocations
 30024 | Snake:4  | Found a runed translucent gate.
 30025 | Snake:4  | Found a runed translucent gate.
 30026 | Snake:4  | Found a runed translucent gate.
 30043 | Snake:4  | Noticed frocskos's ghost (adept MiFi)
 30089 | Snake:4  | Identified the +0 robe of Patience {rF+}
 30494 | Snake:4  | Reached XP level 18. HP: 120/160 MP: 27/27
 30909 | Snake:4  | Reached skill level 10 in Shields
 30975 | Snake:4  | Got a serpentine rune of Zot
 31256 | Snake:4  | Killed frocskos's ghost
 31695 | Depths:1 | Entered Level 1 of the Depths
 31695 | Depths:1 | You are sucked into a shaft and drop 1 floor!
 31722 | Depths:2 | Found a one-way gate leading to the halls of Pandemonium.
 31934 | Depths:2 | Found a one-way gateway to a ziggurat.
 32586 | Depths:2 | Noticed Asterion
 32609 | Depths:2 | Killed Asterion
 32708 | Depths:2 | Noticed a lich
 32990 | Depths:2 | Killed a lich
 33279 | Depths:2 | Found a gateway to Hell.
 33442 | Depths:1 | Noticed a lich
 33449 | Depths:1 | Killed a lich
 33787 | Depths:1 | Found a radiant altar of Vehumet.
 34441 | Depths:1 | Found the +3 salamander hide armour {Flames, rFlCloud rF++
                  | rC--}
 34499 | Depths:1 | Reached skill level 15 in Shields
 35488 | Depths:1 | Noticed a titan
 35503 | Depths:1 | Killed a titan
 35504 | Depths:1 | Reached XP level 19. HP: 118/166 MP: 28/28
 36904 | Depths:2 | Noticed a walking crystal tome
 36917 | Depths:2 | Killed a walking crystal tome
 37207 | Depths:2 | Learned a level 1 spell: Apportation
 38339 | Depths:3 | Noticed a caustic shrike
 38339 | Depths:3 | Found Jaforymo's General Store.
 38650 | Shoals:1 | Entered Level 1 of the Shoals
 38657 | Shoals:1 | Reached skill level 10 in Evocations
 38741 | Shoals:1 | Found Nufeweeci's Self-Improvement Boutique.
 38920 | Shoals:1 | Found a frozen archway.
 38946 | IceCv    | Entered an ice cave
 39226 | IceCv    | Found an ancient bone altar of Kikubaaqudgha.
 39537 | IceCv    | Identified the ring "Riomik" {rElec rN+ Will+}
 40316 | Shoals:2 | Noticed Mlioglotl
 40319 | Shoals:2 | Found a transporter.
 40445 | Shoals:2 | Reached XP level 20. HP: 80/173 MP: 29/29
 40858 | Shoals:2 | Found a transporter.
 40988 | Shoals:2 | Found Liukat's Antique Armour Shop.
 41497 | Snake:1  | Bought gold dragon scales for 2000 gold pieces
 41760 | Shoals:2 | Killed Mlioglotl
 41796 | Shoals:2 | Identified the ring "Ziklef" {Fly Stlth+}
 42610 | Shoals:3 | Identified the +4 chain mail of Esy Jye {Int+2 Dex+2}
 43082 | Shoals:4 | Entered Level 4 of the Shoals
 43083 | Shoals:4 | Found Ijin's Firing Range.
 43103 | Shoals:4 | Bought a throwing net for 39 gold pieces
 43103 | Shoals:4 | Bought a throwing net for 39 gold pieces
 43337 | Shoals:4 | Identified the +2 robe of Inevitability {rF+}
 43873 | Shoals:4 | Identified the ring "Baqoirchatyo" {rF+ Int+5 SInv}
 44624 | Shoals:4 | Got a barnacled rune of Zot
 44956 | Vaults:1 | Entered Level 1 of the Vaults
 45095 | Vaults:1 | Reached XP level 21. HP: 156/185 MP: 30/30
 45725 | Vaults:1 | Identified the +2 scale mail of Cidohor {rElec Will+ Int-5}
 46597 | Vaults:2 | Found a staircase to the Crypt.
 47823 | Vaults:3 | Reached XP level 22. HP: 108/198 MP: 31/31
 48262 | Vaults:3 | Identified the +0 kite shield "Luymoxt" {+Inv rC+ Dex+3}
 48262 | Vaults:3 | Noticed Donald
 48279 | Vaults:3 | Killed Donald
 49057 | Vaults:3 | Found Ytum's Antique Armour Emporium.
 49425 | Vaults:4 | Acquired the +3 pair of mountain boots {steadfast, rC+}
 49425 | Vaults:4 | Found the +3 pair of mountain boots {steadfast, rC+}
 49965 | Vaults:4 | Identified the +0 battleaxe "Gar Epnic" {drain, Str+3}
 49970 | Vaults:4 | Reached skill level 15 in Invocations
 51032 | Crypt:1  | Entered Level 1 of the Crypt
 51095 | Crypt:1  | Reached XP level 23. HP: 154/203 MP: 34/34
 52793 | Crypt:2  | Noticed Zenata
 52818 | Crypt:2  | Killed Zenata
 53077 | Crypt:2  | Noticed Vv
 53113 | Crypt:2  | Killed Vv
 53705 | Crypt:2  | Noticed Jory
 53720 | Crypt:2  | Killed Jory
 54231 | Crypt:3  | Entered Level 3 of the Crypt
 54549 | Crypt:3  | Found a large runed translucent door.
 54549 | Crypt:3  | Found a large runed translucent door.
 54564 | Crypt:3  | Noticed Ucsunolie's ghost (veteran GrFi)
 55186 | Crypt:3  | Found a staircase to the Tomb.
 55815 | Crypt:3  | HP: 2/189 [revenant/ghostly fireball (9)]
 56268 | Crypt:3  | Reached XP level 24. HP: 197/207 MP: 34/34
 56401 | Crypt:3  | Found a basalt altar of Yredelemnul.
 56405 | Crypt:3  | Found an ancient bone altar of Kikubaaqudgha.
 56425 | Crypt:3  | Identified the +7 whip of Tenacity {freeze, rN+ Will+
                  | Str+3}
 56426 | Crypt:3  | Identified the +1 short sword of Ashenzari's Hatred {elec,
                  | Fragile Int+4}
 56427 | Crypt:3  | Identified the amulet "Axtuhomm" {Fragile rPois Regen+
                  | Int+3}
 56427 | Crypt:3  | Identified the ring "Baisch" {rPois rN+ Int-5 SInv}
 57102 | Vaults:5 | Entered Level 5 of the Vaults
 57407 | Vaults:5 | Gained mutation: You are clumsy. (Dex -2) [a shining eye]
 57842 | Vaults:5 | Identified the ring of Cheibriados's Pride {Wiz Will+
                  | Stlth+}
 57850 | Vaults:5 | Identified the +1 hand crossbow "Jyar" {heavy, rF- rC++
                  | Dex+4}
 58030 | Vaults:5 | Reached skill level 15 in Evocations
 58731 | Vaults:5 | Got the Elucidation of the Flamy Curse
 58753 | Vaults:5 | Identified the +0 arbalest of the Shouting Enemy {elec,
                  | *Corrode Int+5 Dex+2}
 58880 | Vaults:5 | Got A Tutorial on Spellcraft
 58999 | Vaults:5 | Found the +8 frozen axe "Frostbite" {freeze, freezing
                  | cloud, *Noise Fly rC+}
 59070 | Vaults:5 | Identified the ring "Kauts" {rPois SInv}
 59181 | Vaults:5 | Identified the +0 tower shield of Saroca {Str+4}
 59540 | Vaults:5 | Identified the +0 buckler of the Iron Devil {rF+ Slay+2
                  | Stlth+}
 59548 | Vaults:5 | Got Sif Muna's Vellum of Despicable Secrets and Production
 59558 | Vaults:5 | Got a silver rune of Zot
 60151 | Depths:3 | Noticed a caustic shrike
 60158 | Depths:2 | Killed a caustic shrike
 60251 | Depths:3 | Noticed Mara
 60259 | Depths:2 | Killed a caustic shrike
 60298 | Depths:3 | Noticed a caustic shrike
 60657 | Depths:3 | Noticed the Enchantress
 60668 | Depths:3 | Killed the Enchantress
 60669 | Depths:3 | Reached XP level 25. HP: 216/218 MP: 34/34
 60984 | Depths:3 | Noticed Sojobo
 61002 | Depths:3 | Killed Sojobo
 61005 | Depths:3 | Killed Mara
 61192 | Depths:3 | Found a one-way gate to the infinite horrors of the Abyss.
 61230 | Depths:3 | Paralysed by a floating eye for 3 turns
 61251 | Depths:3 | Paralysed by a floating eye for 2 turns
 61264 | Depths:3 | Gained mutation: You are frail. (-10% HP) [a shining eye]
 61268 | Depths:3 | Gained mutation: You have large cloven feet. [a shining
                  | eye]
 61850 | Depths:3 | Identified the +3 chain mail of the Enchanted Forest {-Tele
                  | rPois Regen+}
 61974 | Depths:4 | Entered Level 4 of the Depths
 62854 | Depths:4 | Found Qoiwn's Assorted Antiques.
 62863 | Depths:4 | Bought a wand of acid (6) for 604 gold pieces
 63588 | Depths:4 | Identified the +3 falchion of the Shore {vamp, rF+ rC-
                  | Str+3}
 63634 | Depths:4 | Reached XP level 26. HP: 135/200 MP: 34/34
 63684 | Depths:4 | Found a gate to the Realm of Zot.
 63948 | Depths:4 | Got the Spellbook of Felsic Mortification
 64072 | Depths:4 | Found a white marble altar of Elyvilon.
 66220 | Zot:1    | Entered Level 1 of the Realm of Zot
 66279 | Zot:2    | Found a broken altar of Ashenzari.
 66536 | Zot:5    | Entered Level 5 of the Realm of Zot
 67028 | Zot:5    | Noticed an ancient lich
 67030 | Zot:5    | Noticed an ancient lich
 67045 | Zot:5    | Killed an ancient lich
 67059 | Zot:5    | Killed an ancient lich
 67115 | Zot:5    | Noticed an orb of fire
 67115 | Zot:5    | Noticed an ancient lich
 67117 | Zot:5    | Noticed a Killer Klown
 67159 | Zot:5    | Gained mutation: Your body sometimes deteriorates upon
                  | taking damage. [an orb of fire]
 67473 | Zot:4    | Lost mutation: Your body sometimes deteriorates upon taking
                  | damage. [potion of mutation]
 67473 | Zot:4    | Lost mutation: You are clumsy. (Dex -2) [potion of
                  | mutation]
 67473 | Zot:4    | Gained mutation: Your muscles are very strong. (Str +8,
                  | Int/Dex -2) [potion of mutation]
 67473 | Zot:4    | Gained mutation: You occasionally shout uncontrollably at
                  | your foes. [potion of mutation]
 67473 | Zot:4    | Gained mutation: Your flesh is heat resistant. (rF+)
                  | [potion of mutation]
 67487 | Zot:5    | Killed an orb of fire
 67517 | Zot:5    | Noticed an orb of fire
 67526 | Zot:5    | Lost mutation: Your muscles are very strong. (Str +8,
                  | Int/Dex -2) [an orb of fire]
 67529 | Zot:5    | Killed an orb of fire
 67585 | Zot:5    | Noticed a dread lich
 67587 | Zot:5    | Noticed an ancient lich
 67589 | Zot:5    | Noticed a Killer Klown
 67596 | Zot:5    | Killed a dread lich
 67604 | Zot:5    | Noticed an orb of fire
 67605 | Zot:5    | Gained mutation: You occasionally lose the ability to drink
                  | potions when taking damage. [an orb of fire]
 67665 | Zot:5    | Killed an orb of fire
 67788 | Zot:5    | Lost mutation: Your flesh is heat resistant. (rF+) [potion
                  | of mutation]
 67788 | Zot:5    | Lost mutation: You have large cloven feet. [potion of
                  | mutation]
 67788 | Zot:5    | Lost mutation: You occasionally lose the ability to drink
                  | potions when taking damage. [potion of mutation]
 67788 | Zot:5    | Gained mutation: You are resistant to electric shocks.
                  | (rElec) [potion of mutation]
 67788 | Zot:5    | Gained mutation: You passively map a small area around you.
                  | [potion of mutation]
 67841 | Zot:5    | Killed a Killer Klown
 67876 | Zot:5    | Killed an ancient lich
 67901 | Zot:5    | Noticed an ancient lich
 67911 | Zot:5    | Killed an ancient lich
 68123 | Zot:5    | Identified the +10 sling "Pabemp" {heavy, Will+ rCorr
                  | Dex-4}
 68464 | Zot:5    | Reached XP level 27. HP: 187/212 MP: 32/34
 68465 | Zot:5    | Noticed an orb of fire
 68470 | Zot:5    | Killed an ancient lich
 68470 | Zot:5    | Gained mutation: You do not regenerate when monsters are
                  | visible. [an orb of fire]
 68481 | Zot:5    | Killed an orb of fire
 68498 | Zot:5    | Got the Orb of Zot
 68503 | Zot:5    | Noticed an ancient lich
 68504 | Zot:5    | Noticed an orb of fire
 68526 | Zot:5    | Gained mutation: You are occasionally teleported next to
                  | monsters. [an orb of fire]
 68527 | Zot:5    | Lost mutation: You are frail. (-10% HP) [an orb of fire]
 68530 | Zot:5    | Killed an orb of fire
 68537 | Zot:5    | Killed an ancient lich
 68585 | Zot:4    | Lost mutation: You are resistant to electric shocks.
                  | (rElec) [potion of mutation]
 68585 | Zot:4    | Lost mutation: You passively map a small area around you.
                  | [potion of mutation]
 68585 | Zot:4    | Lost mutation: You are partially covered in large bone
                  | plates. (SH +4) [potion of mutation]
 68585 | Zot:4    | Gained mutation: You have a pair of small antennae on your
                  | head. [potion of mutation]
 68586 | Zot:4    | Lost mutation: You occasionally shout uncontrollably at
                  | your foes. [potion of mutation]
 68586 | Zot:4    | Lost mutation: You are occasionally teleported next to
                  | monsters. [potion of mutation]
 68586 | Zot:4    | Lost mutation: Your muscles are strong. (Str +4, Int/Dex
                  | -1) [potion of mutation]
 68586 | Zot:4    | Gained mutation: You are weak. (Str -2) [potion of
                  | mutation]
 68586 | Zot:4    | Gained mutation: Your flesh is heat resistant. (rF+)
                  | [potion of mutation]
 68587 | Zot:4    | Lost mutation: You are weak. (Str -2) [potion of mutation]
 68587 | Zot:4    | Lost mutation: You have a pair of small antennae on your
                  | head. [potion of mutation]
 68587 | Zot:4    | Lost mutation: Your flesh is heat resistant. (rF+) [potion
                  | of mutation]
 68587 | Zot:4    | Gained mutation: You occasionally lose the ability to read
                  | scrolls when taking damage. [potion of mutation]
 68587 | Zot:4    | Gained mutation: You have sharp toenails. [potion of
                  | mutation]
 68587 | Zot:4    | Gained mutation: You are robust. (+10% HP) [potion of
                  | mutation]
 68587 | Zot:4    | Gained mutation: You have a somewhat thin skeletal
                  | structure. (Dex +2, Stealth+) [potion of mutation]
 68588 | Zot:4    | Lost mutation: You possess an exceptional clarity of mind.
                  | [potion of mutation]
 68588 | Zot:4    | Lost mutation: You are robust. (+10% HP) [potion of
                  | mutation]
 68588 | Zot:4    | Lost mutation: You have sharp toenails. [potion of
                  | mutation]
 68588 | Zot:4    | Gained mutation: You are partially covered in iridescent
                  | scales. (AC +2) [potion of mutation]
 68589 | Zot:4    | Lost mutation: You are partially covered in iridescent
                  | scales. (AC +2) [potion of mutation]
 68589 | Zot:4    | Lost mutation: You have a somewhat thin skeletal structure.
                  | (Dex +2, Stealth+) [potion of mutation]
 68589 | Zot:4    | Gained mutation: You are robust. (+10% HP) [potion of
                  | mutation]
 68589 | Zot:4    | Gained mutation: Your muscles are strong. (Str +4, Int/Dex
                  | -1) [potion of mutation]
 68742 | Zot:2    | Noticed a seraph
 69316 | D:7      | Gained mutation: You are dopey. (Int -2) [a neqoxec]
 69440 | D:$      | Escaped with the Orb!

Illustrated notes

Levels and vault maps discovered:
D:1:      minmay_arrival_up_and_down, layout_basic, grunt_decor_one_mirror,
          minmay_three_crescents
D:2:      layout_basic, basic_altar
D:3:      layout_basic, nicolae_ru_great_annihilating_truth, uniq_terence
D:4:      layout_basic, grunt_temple_overflow_gold_and_silver, serial_shops,
          shop_statue, dk_noncrumbling_2, uniq_blork_the_orc, uniq_menkaure,
          uniq_eustachio
D:5:      layout_gridville, minmay_guarded_unrand_staff_of_olgreb, uniq_ijyb
D:6:      layout_rooms, nicolae_hepliaklqana_hazy_memory, temple_green,
          dreamdust_mushroom_princess, minmay_misc_feat_nine_boxes,
          eino_small_chamber_without_monster,
          nicolae_concentric_dashed_squares_mild, uniq_grinder
D:7:      layout_cave_pods, okawaru_metal_pillars_1_2, enter_bailey_3,
          uniq_pikel
D:8:      layout_basic, erik_lair_orcish_takeover, uniq_psyche
D:9:      minmay_the_grid_triangle_9x9_recursive_2
          [minmay_the_grid_triangle_9x9_prize_insulated,
          minmay_the_grid_triangle_9x9_checkered,
          minmay_the_grid_triangle_9x9_descending_squares,
          minmay_the_grid_triangle_9x9_sparse_checkered], layout_loops_ring,
          marbit_many_paths, serial_aquarium, aquarium_bridge_square
          [aquarium_subvault_wall, aquarium_subvault_bridge,
          aquarium_subvault_bridge, aquarium_subvault_window],
          aquarium_window_corner, aquarium_window_corridor_1,
          aquarium_window_corner, aquarium_window_2, aquarium_view_2e,
          aquarium_pool_1, special_room [special_room_bee], serial_shops, shop,
          shop, shop_fountains, nicolae_shop_stone, nzn_life_drinkers,
          uniq_joseph
D:10:     layout_cave_pools, mainiacjoe_overflow_small_starburst,
          jmf_multi_god_temple, enter_trove_6, minivault_10
D:11:     layout_loops_corners, zombieorc2_lemuel,
          hellmonk_ghost_happy_afterlife, uniq_harold
D:12:     gammafunk_sealed_library, layout_irregular_city, uniq_jorgrun
D:13:     layout_long_grid, small_statue_intersection, zin_scriptorium
D:14:     layout_basic, erik_vaults_1, serial_aquarium,
          aquarium_bridge_long_joined [aquarium_subvault_wall,
          aquarium_subvault_wall, aquarium_subvault_wall,
          aquarium_subvault_bridge, aquarium_subvault_balcony,
          aquarium_subvault_wall], aquarium_window_1, aquarium_window_3,
          aquarium_view_2c, aquarium_balcony_1b, aquarium_pool_2,
          nicolae_dithmenos_through_a_glass_darkly, lemuel_old_faithful,
          uniq_josephine
D:15:     grunt_enter_depths_giant_problem, layout_irregular_city
Temple:   nicolae_temple_god_jail
Lair:1:   layout_regular_city, minmay_holes, uniq_nergalle
Lair:2:   layout_regular_city, st_stairs_10, pdpol_lair_neglected_garden,
          minivault_23, lemuel_fruit_fields
Lair:3:   layout_gridlike, minmay_shoals_entry_centaurs,
          nicolae_snake_entry_squirm, minmay_lair_oklob_bushes, minivault_24,
          infiniplex_staircase_pool_2, lemuel_fruit_tree
Lair:4:   dreamdust_cave_troll, layout_layer_cave, roderic_batcave,
          grunt_megastairs_1, uniq_rupert, uniq_kirke
Lair:5:   cheibrodos_lair_end_hotspot, layout_regular_city,
          nicolae_slime_entry_slimehenge, chequers_serial_rivers_room_a
Shoals:1: layout_shoals, portal_ice_cave_entry_ugly_swarm,
          nicolae_shop_self_help
Shoals:2: gammafunk_sealed_arena, layout_shoals, serial_shops, shop_statue,
          uniq_mlioglotl
Shoals:3: layout_shoals, nicolae_shoals_spring_well_temple
Shoals:4: shoals_end_grunt_ice, layout_shoals, nicolae_shop_firing_range
Snake:1:  layout_rooms, serial_shops, bzr_entry_dummy, shop, shop_fountains,
          shop, shop, nicolae_snake_salamander_jacuzzi, uniq_aizul
Snake:2:  layout_misc_corridors, nicolae_shop_overcharged_wands
Snake:3:  layout_basic, guppyfry_snake_island
Snake:4:  minmay_snake_end_coiled, layout_gridlike, gammafunk_ghost_necromancy
Orc:1:    layout_caves
Orc:2:    grunt_orc_community_town_hall, layout_caves,
          grunt_orc_community_big_house_2, grunt_orc_community_big_house_2,
          grunt_orc_community_house_1, grunt_orc_community_house_1,
          grunt_orc_community_house_2, grunt_orc_community_house_1
Vaults:1: v_misc_1, ontoclasm_vaults_pinch, ontoclasm_vaults_loading_screen,
          v_misc_2, hangedman_vaults_slice, vaults_room_octagon,
          hangedman_vaults_hat, vaults_mumra_minichess,
          vaults_room_stairs_pillars, v_misc_22, v_misc_17,
          nicolae_vaults_what_the_h, nicolae_vaults_little_squares_6,
          layout_vaults_omnibox, uniq_saint_roka
Vaults:2: nicolae_vaults_display_case, vaults_room_semicircle,
          nicolae_vaults_mini_display_case, hangedman_vaults_restitches,
          minmay_crypt_entry_simple_round, v_misc_27, layout_vaults_quadrants
Vaults:3: nicolae_vaults_puzzle_piece, nicolae_vaults_angled_halls, v_rooms_4,
          nicolae_vaults_minivaults, v_misc_15, vaults_dpeg_doors,
          nicolae_vaults_theta, nicolae_vaults_hallways_thing,
          nicolae_vaults_yaktaur_gun_rack, ontoclasm_vaults_shuriken,
          vaults_room_pool, hangedman_vaults_maws, v_pattern_2,
          ontoclasm_vaults_eye, vaults_dpeg_diagonal, layout_vaults_maze,
          serial_shops, shop, uniq_donald
Vaults:4: grunt_vaults_twisty, ontoclasm_vaults_shout, ontoclasm_vaults_idyll,
          vaults_room_ringed_pool, nicolae_vaults_network_periphery, v_misc_25,
          v_misc_16, nicolae_vaults_big_ls, v_misc_11, vaults_room_semicircle,
          nicolae_vaults_shelves_hall, layout_vaults_ring
Vaults:5
Crypt:1:  layout_chaotic_city, serial_co_window_serial, co_window_corner_a,
          co_window_of_opportunity_a, co_window_corner_a, co_window_corner_a,
          co_window_paths_b, co_window_corner_ca, co_window_unsneaky_path_c,
          co_window_of_opportunity_b, co_window_paths_c, co_window_sun,
          glass_columns_a, minivault_19, serial_sigils_hangedman_scratch,
          ebering_dispersal_statue_hall
Crypt:2:  layout_chaotic_city, roderic_lattice_octagonal_star, uniq_vv,
          uniq_zenata, uniq_jory
Crypt:3:  lightli_unholy_cathedral, layout_chaotic_city,
          tomb_entry_sphere_bobbens, mu_enter_wizlab_4,
          ebering_ghost_disaster_area, minivault_26
Depths:1: layout_basic, hell_entry, basic_altar, st_stairs_10,
          hellmonk_guarded_unrand_salamander, grunt_megastairs_3
Depths:2: minmay_isolated_rectangles_in_corner, layout_cave_pools,
          enter_ziggurat_a, pf_hell_entry_great_geh, rand_demon_pan_entry_9,
          chequers_serial_rivers_large_a, hellmonk_bongcloud_opening,
          infiniplex_staircase_zigzag_3, uniq_josephina, uniq_asterion
Depths:3: dreamdust_hydra_shepherd, layout_twisted_cross, serial_shops,
          nicolae_shop_waterfront, special_room [special_room_jelly],
          hell_entry, minmay_misc_feat_tower, abyss_entry,
          minmay_staircase_bubble, uniq_mara, uniq_sojobo, uniq_enchantress
Depths:4: lemuel_castle_with_subvaults [lemuel_castle_interior_carwin_3],
          layout_gridlike, special_room [special_room_jelly],
          pf_hell_entry_tar_river, nicolae_elyvilon_temple_path,
          rand_demon_pan_entry_8, abyss_entry, serial_shops, shop
Zot:1:    layout_misc_corridors, nicolae_diode_basic, uniq_grunn
Zot:2:    circus_mu, layout_misc_corridors, basic_altar
Zot:3:    layout_misc_corridors, gammafunk_ghost_mausoleum
Zot:4:    layout_concentric_octagons
Zot:5:    layout_cathedral_of_symmetry

Skill      XL: |  1  2  3  4  5  6  7  8  9 10 11 12 13 14 15 16 17 18 19 20 21 22 23 24 25 26 27 |
---------------+----------------------------------------------------------------------------------+-----
Stealth        | 2 |  2.0
Fighting       | 4 6 8 12 18 19 20 21 23 25 | 25.3
Axes           | 5 6 8 9 10 12 16 17 18 19 20 21 23 25 | 25.0
Dodging        | 3 |  3.0
Armour         | 3 4 5 11 14 17 18 19 20 22 23 24 25 | 25.2
Invocations    | 2 4 6 7 8 10 12 15 | 15.0
Evocations     | 1 2 3 5 6 10 12 16 20 | 20.0
Shields        | 6 9 15 17 20 21 23 | 23.3

Action                     |  1- 3 |  4- 6 |  7- 9 | 10-12 | 13-15 | 16-18 | 19-21 | 22-24 | 25-27 || total
---------------------------+-------+-------+-------+-------+-------+-------+-------+-------+-------++-------
  Melee: Hand axe          |    91 |   113 |    60 |       |       |       |       |       |       ||   264
         Punch             |     1 |     1 |     2 |     3 |     4 |       |       |       |       ||    11
         Broad axe         |       |       |   193 |   267 |  1017 |  1322 |  1158 |  1334 |   911 ||  6202
   Fire: Sling             |       |       |     1 |       |       |       |       |       |       ||     1
 Invoke: Ancestor Identity |       |     2 |       |       |       |       |       |       |       ||     2
         Ancestor Life: He |       |     1 |       |       |       |       |       |       |       ||     1
         Recall Ancestor   |       |       |       |       |       |     3 |     5 |     7 |    10 ||    25
         Transference      |       |       |       |       |       |     1 |       |       |       ||     1
         Idealise          |       |       |       |       |       |       |       |     2 |     2 ||     4
  Evoke: Wand              |       |       |     8 |     7 |    21 |    16 |     1 |     4 |    10 ||    67
         Box of beasts     |       |       |       |       |       |       |       |       |     2 ||     2
         Phantom mirror    |       |       |       |       |       |       |       |       |     1 ||     1
         Piece from Xom's  |       |       |       |       |       |       |       |       |     1 ||     1
    Use: Potion            |     4 |     4 |     7 |     4 |     6 |    19 |     4 |     6 |    18 ||    72
         Scroll            |     2 |     6 |     9 |     7 |     7 |    13 |     1 |     9 |    14 ||    68
   Stab: Sleeping          |     3 |       |       |       |       |       |       |       |       ||     3
         Confused          |       |     1 |     5 |     5 |    23 |    22 |    86 |    73 |    42 ||   257
         Paralysed         |       |     1 |       |       |    21 |    70 |    98 |    99 |    56 ||   345
         Distracted        |       |       |     1 |     3 |    17 |    14 |    19 |    23 |    20 ||    97
         Invisible         |       |       |       |       |     8 |     5 |    27 |       |       ||    40
 Armour: Robe              |    10 |       |       |       |       |       |       |       |       ||    10
         Ring mail         |     9 |    30 |       |    72 |   383 |    26 |       |       |       ||   520
         Scale mail        |       |       |    71 |     6 |       |   226 |   106 |       |       ||   409
         Plate armour      |       |       |       |     5 |       |       |    36 |       |       ||    41
         Chain mail        |       |       |       |       |       |   202 |       |       |       ||   202
         Gold dragon scale |       |       |       |       |       |       |   191 |   421 |   357 ||   969
  Dodge: Dodged            |    56 |    46 |    92 |    84 |   411 |   420 |   149 |   151 |   129 ||  1538
  Block: Other             |       |    10 |    25 |    28 |    32 |       |       |       |       ||    95
         Buckler           |       |       |       |       |   245 |   562 |    48 |       |       ||   855
         Reflection        |       |       |       |       |     4 |    47 |   103 |    47 |     8 ||   209
         Kite shield       |       |       |       |       |       |       |   819 |  1108 |   727 ||  2654

Table legend: (Time is in decaauts)
 A = Elapsed time spent in this place.
 B = Non-inter-level travel time spent in this place.
 C = Inter-level travel time spent in this place.
 D = Time resting spent in this place.
 E = Time spent auto-exploring this place.
 F = Levels seen in this place.
 G = Mean time per level.
                   A        B        C        D        E       F      G
               +--------+--------+--------+--------+--------+-----+--------+
         Total |  67770 |  58405 |   9365 |   2655 |  43635 |  51 | 1328.8 |
       Dungeon |  18812 |  15096 |   3716 |    359 |  11933 |  15 | 1254.1 |
        Temple |     71 |     57 |     14 |      0 |     49 |   1 |   71.0 |
          Lair |   7537 |   6650 |    887 |    202 |   5247 |   5 | 1507.4 |
        Shoals |   4905 |   4603 |    302 |      0 |   3750 |   4 | 1226.2 |
     Snake Pit |   5065 |   4877 |    188 |     45 |   3710 |   4 | 1266.2 |
  Orcish Mines |   2101 |   1845 |    256 |    191 |   1281 |   2 | 1050.5 |
        Vaults |   8326 |   7539 |    787 |    430 |   5386 |   5 | 1665.2 |
         Crypt |   5412 |   5263 |    149 |     13 |   4231 |   3 | 1804.0 |
        Depths |  11083 |   8714 |   2369 |    393 |   6498 |   4 | 2770.8 |
           Zot |   2445 |   1753 |    692 |   1021 |    123 |   5 |  489.0 |
        Bazaar |    202 |    202 |      0 |      0 |    150 |   1 |  202.0 |
        Bailey |   1013 |   1013 |      0 |      0 |    798 |   1 | 1013.0 |
      Ice Cave |    792 |    792 |      0 |      0 |    476 |   1 |  792.0 |
               +--------+--------+--------+--------+--------+-----+--------+

Top non-repeatable levels by time:
Depths:1: 3941 daAuts
Depths:2: 3166 daAuts
Depths:4: 2570 daAuts
Vaults:4: 2142 daAuts
 Crypt:3: 2051 daAuts
 Snake:4: 2012 daAuts
 Crypt:2: 1986 daAuts
  Lair:5: 1919 daAuts
    D:13: 1697 daAuts
  Lair:3: 1666 daAuts
   Zot:5: 1652 daAuts
Vaults:5: 1648 daAuts
Vaults:2: 1640 daAuts
Shoals:3: 1639 daAuts
    D:15: 1622 daAuts
